cohdb
Replays
Latest Replays
All Replays
Popular Replays
Top Player Replays
Match Explorer
How It Works
Community
CoH3 Stats
Reddit
Sign in to upload your games and track your stats! →
Sign in with Steam
Match 38046786
Unlisted
Match 38046786
Overview
Messages
Build Orders
End
Construct Barracks
Scout Squad
Selects Special Operations Battlegroup
Riflemen Squad
Riflemen Squad
Riflemen Squad
Infantry Support Center
Grenade Package
Construct Medical Station
Selects Raiding Flares
Construct Motor Pool
M24 Chaffee Light Tank
Raiding Flares
Selects SSF Commando Squad
SSF Commando Squad
M1918 Browning Automatic Rifles
Selects M29 Weasel with M1 Pack Howitzer
Raiding Flares
Engineer Squad
Construct Tank Depot
Raiding Flares
Selects Assault Operation
M4A1 Sherman Medium Tank
Selects P-47 Anti-Infantry Loiter
Selects Mark Vehicle
M4A1 Sherman Medium Tank
Selects UNKNOWN (2162291)
Scout Squad
Mark Vehicle
M4A1 Sherman Whizbang
Mark Vehicle
M4A1 Sherman Medium Tank
Mark Vehicle
Scout Squad
Advanced Logistics
Construct Weapon Support Center
Raiding Flares
M18 Hellcat Tank Destroyer
Mark Vehicle
M18 Hellcat Tank Destroyer
Survival Training
Engineer Squad
M1 Anti-tank Gun Team
Mark Vehicle
SSF Commando Squad
Mark Vehicle
SSF Commando Squad
Improved M9 Bazooka Rockets
Mark Vehicle
atank
sharpshooter
Hunter™
SNIPER
0
0
Comments
sign in to comment!
No comments posted yet!